 Zot Defence DCSS version 0.15-a0-2130-g28e4b74 (webtiles) character file.

882 BluebellGnoll the Ruinous (level 7, 30/30 (36) HPs)
             Began as a Deep Elf Fire Elementalist on July 16, 2014.
             Was a Follower of Sif Muna.
             Quit the game in the Realm of Zot (Scenario II: Battle Heart).
             The game lasted 00:19:34 (1175 turns).

BluebellGnoll the Ruinous (DEFE)                    Turns: 1175, Time: 00:19:35

HP  30/30 (36)   AC  2     Str  5      XL: 7   Next: 76%
MP  15/25        EV 13     Int 22      God: Sif Muna [*.....]
Gold 0           SH  0     Dex 15      Spells:  6 memorised,  2 levels left

rFire  . . .     SeeInvis .     m - +0 dagger (flame)
rCold  . . .     Clarity  .     a - +0 robe
rNeg   . . .     rCorr    .     (no shield)
rPois  .         rRot     .     (no helmet)
rElec  .         Spirit   .     (no cloak)
SustAb .         Warding  .     (no gloves)
rMut   .         Stasis   .     (no boots)
Gourm  .                        (no amulet)
MR     .....                    (no ring)
                                (no ring)

@: not resistant to hostile enchantments, unstealthy
A: no striking features
a: Make oklob sapling, Make arrow trap, Make plant, Remove Curse, Make burning
bush, Make altar, Make grenades, Make oklob plant, Channel Energy, Renounce
Religion


You were in the Realm of Zot.
You worshipped Sif Muna.
Sif Muna was aware of your devotion.
You were not hungry.

You visited 1 branch

Inventory:

Hand weapons
 j - a +2 dagger of pain
 l - a +0 dagger of speed
 m - a +0 dagger of flaming (weapon)
Missiles
 k - 2 stones (quivered)
Armour
 a - a +0 robe (worn)
 p - a +0 leather armour
Comestibles
 d - a bread ration
 n - a rotting chunk of elf flesh
 o - 2 rotting chunks of jackal flesh
Scrolls
 i - a scroll of blinking
Potions
 c - 3 potions of curing
 e - a potion of heal wounds
 f - a potion of haste
 g - 2 potions of magic
 h - a potion of berserk rage
Books
 b - a book of Flames

   Spells                             Type                      Level
   *Flame Tongue                      Conjuration/Fire             1
   *Throw Flame                       Conjuration/Fire             2
   *Conjure Flame                     Conjuration/Fire             3
   *Inner Flame                       Hexes/Fire                   3
   *Sticky Flame                      Conjuration/Fire             4
   *Fireball                          Conjuration/Fire             5


   Skills:
 - Level 2.4 Dodging
 - Level 2.4 Stealth
 - Level 7.4 Spellcasting
 + Level 7.9 Conjurations
 - Level 3.2 Fire Magic


You had 2 spell levels left.
You knew the following spells:

 Your Spells              Type           Power        Failure   Level  Hunger
a - Flame Tongue          Conj/Fire      ####.        1%          1    None
b - Throw Flame           Conj/Fire      ####..       1%          2    None
c - Conjure Flame         Conj/Fire      ####....     2%          3    None
d - Inner Flame           Hex/Fire       ###.....     14%         3    None
e - Sticky Flame          Conj/Fire      ####....     12%         4    ###....
f - Fireball              Conj/Fire      ####......   28%         5    ####...


Dungeon Overview and Level Annotations

Branches:
    Zot (1/1)

Altars:
Sif Muna


Message History

Haese burns!
You kill Haese!
The bat skeleton hits your plant but does no damage. x3
The sheep zombie bites your plant.
Your plant is destroyed!
Your oklob sapling spits acid at the hobgoblin skeleton.
The splash of acid hits the hobgoblin skeleton.
The hobgoblin skeleton is destroyed!
Your flesh rots away as the Orb of Zot is desecrated.
You feel a bit more experienced.
Your flesh rots away as the Orb of Zot is desecrated. x2
The splash of acid hits the sheep zombie.
The jackal skeleton bites something.
Your oklob sapling spits acid at the bat skeleton.
The splash of acid hits the bat skeleton.
The bat skeleton is destroyed!
Your flesh rots away as the Orb of Zot is desecrated. x2
You feel a bit more experienced.
Your flesh rots away as the Orb of Zot is desecrated.
Are you sure you want to abandon this character and quit the game? (Confirm with "yes".)

▓∆∆∆∆∆▓ ▓∆∆∆∆∆▓ ▓▓..........
▓▓▓▓▓▓▓▓▓▓▓▓▓▓▓ ▓▓▓▓▓▓▓▓▓.. ▓▓.▓▓
▓▓. ▓▓...▓▓ ▓▓w ▓▓P.%.P▓▓ ▓▓▓..
▓▓▓▓▓▓▓..Z.)..▓▓▓▓▓▓▓ ▓▓▓....
▓..........)Z.Z.....▓▓▓▓▓▓▓......
^..)))))))Z)Z)ZZ)Z)...)Z))%......
▓......)..Z..Z..@...▓............
▓▓▓▓▓▓▓).....Z▓▓▓▓▓▓▓......).....
▓ ▓▓P....▓▓ ▓▓▓....%..... ▓▓...▓▓
▓▓..%...... ▓▓.▓▓ ▓▓........ ▓▓▓
▓▓▓P..... ▓▓▓▓... ▓▓▓▓


You could see 2 ball python zombies, an adder zombie, a sheep zombie, 2 goblin
zombies, a gnoll zombie, a kobold zombie, a jackal skeleton, 2 goblin skeletons,
a hobgoblin skeleton and a friendly oklob sapling.

Vanquished Creatures
  Duvessa (Zot)
  A gnoll shaman (Zot)
  A hound skeleton (Zot)
  A gnoll (Zot)
  A shadow imp (Zot)
  An adder (Zot)
  A giant mite (Zot)
  A green rat (Zot)
  2 worms (Zot)
  A ball python (Zot)
  A giant cockroach (Zot)
  4 goblins (Zot)
  A hobgoblin (Zot)
  5 bats (Zot)
  A giant gecko (Zot)
  2 giant newts (Zot)
  2 kobolds (Zot)
  2 rats (Zot)
29 creatures vanquished.

Vanquished Creatures (collateral kills)
  An ogre (Zot)
  2 worker ants (Zot)
  3 gnoll shamans (Zot)
  2 sheep (Zot)
  3 gnolls (Zot)
  3 adders (Zot)
  6 worms (Zot)
  An adder zombie (Zot)
  5 orcs (Zot)
  2 ball pythons (Zot)
  4 bats (Zot)
  A bat skeleton (Zot)
  4 giant cockroaches (Zot)
  17 goblins (Zot)
  10 hobgoblins (Zot)
  5 jackals (Zot)
  8 kobolds (Zot)
  A quokka (Zot)
  A giant newt (Zot)
  3 giant spores (Zot)
  A gnoll zombie (Zot)
  A goblin zombie (Zot)
  A hobgoblin skeleton (Zot)
  8 rats (Zot)
  A rat zombie (Zot)
94 creatures vanquished.

Vanquished Creatures (others)
  A hobgoblin (Zot)
  A ball python (Zot)
  A giant spore (Zot)
  3 goblins (Zot)
  2 rats (Zot)
  A plant (Zot)
9 creatures vanquished.

Grand Total: 132 creatures vanquished

Notes
Turn   | Place    | Note
--------------------------------------------------------------
     0 | Zot      | BluebellGnoll, the Deep Elf Fire Elementalist, began the quest for the Orb.
     0 | Zot      | Reached XP level 1. HP: 10/10 MP: 5/5
   219 | Zot      | Reached XP level 2. HP: 6/15 MP: 0/8
   222 | Zot      | Reached skill level 4 in Spellcasting
   226 | Zot      | Learned a level 2 spell: Throw Flame
   315 | Zot      | Reached XP level 3. HP: 13/19 MP: 9/13
   320 | Zot      | Learned a level 3 spell: Conjure Flame
   326 | Zot      | Learned a level 3 spell: Inner Flame
   331 | Zot      | Reached skill level 5 in Spellcasting
   402 | Zot      | Reached skill level 6 in Spellcasting
   402 | Zot      | Reached XP level 4. HP: 17/24 MP: 8/18
   482 | Zot      | Reached skill level 7 in Spellcasting
   482 | Zot      | Reached XP level 5. HP: 25/28 MP: 12/21
   496 | Zot      | Learned a level 4 spell: Sticky Flame
   502 | Zot      | Learned a level 5 spell: Fireball
   675 | Zot      | Reached XP level 6. HP: 32/32 MP: 21/23
   684 | Zot      | Became a worshipper of Sif Muna the Loreminder
   776 | Zot      | Noticed Duvessa
   783 | Zot      | Killed Duvessa
   829 | Zot      | Reached skill level 5 in Conjurations
   857 | Zot      | Acquired Sif Muna's first power
   857 | Zot      | Reached XP level 7. HP: 36/36 MP: 14/25
  1175 | Zot      | Quit the game

Action                   |  1- 3 |  4- 6 |  7- 9 || total
-------------------------+-------+-------+-------++-------
Melee: Unarmed           |    14 |       |       ||    14
       Dagger            |    12 |    46 |     5 ||    63
 Cast: Flame Tongue      |    24 |    21 |     9 ||    54
       Throw Flame       |       |     2 |     5 ||     7
       Sticky Flame      |       |     2 |     1 ||     3
Invok: Channel Energy    |       |       |     2 ||     2
 Abil: Make oklob saplin |     1 |     2 |       ||     3
       Make arrow trap   |     1 |       |       ||     1
       Make plant        |       |     1 |       ||     1
       Make grenades     |       |     1 |     1 ||     2
       Make altar        |       |     1 |       ||     1
       Make burning bush |       |       |     1 ||     1
